 Dungeon Crawl Stone Soup version 0.29.1-14-g9c671dbff4 (webtiles) character file.

Game seed: 17820022402953384403

124 leafyfresh the Ducker (level 5, -2/35 HPs)
             Began as a Djinni Ice Elementalist on Feb 18, 2023.
             Slain by a phantom (5 damage)
             ... on level 4 of the Dungeon.
             The game lasted 00:04:16 (3572 turns).

leafyfresh the Ducker (Djinni Ice Elementalist)     Turns: 3572, Time: 00:04:17

Health: -2/35      AC:  2    Str:  7    XL:     5   Next: 30%
Gold:   154        EV: 13    Int: 18    God:
                   SH:  0    Dex: 14

rFire   + + .      SeeInvis .   d - +1 short sword (venom)
rCold   x . .      Faith    .   (no shield)
rNeg    . . .      Spirit   .   a - +0 robe
rPois   ∞          Reflect  .   (no helmet)
rElec   .          Harm     .   (no cloak)
rCorr   .          Rampage  .   (no gloves)
Will    .....                   (boots unavailable)
Stlth   ++........              (no amulet)
HPRegen 0.11/turn               (no ring)
MPRegen 0.00/turn               (no ring)

@: flying
A: sickness immunity, fire resistance 2, cold vulnerability 1, float, innate
caster, HP casting, extra vitality 1
a: no special abilities


You were on level 4 of the Dungeon.
You visited 1 branch of the dungeon, and saw 4 of its levels.

You collected 154 gold pieces.

Inventory:

Hand Weapons
 d - a +1 short sword of venom (weapon)
 e - a +0 dagger of venom
 i - a +2 flail of protection
Armour
 a - a +0 robe (worn)
Jewellery
 h - an amulet of faith
Scrolls
 f - a scroll of teleportation {unknown}
 g - 2 scrolls of identify {unknown}
Potions
 b - 2 potions of curing
 c - a potion of lignification {unknown}
 j - a potion of heal wounds {unknown}
 k - a potion of haste {unknown}
 l - a potion of might {unknown}


   Skills:
 + Level 4.2 Dodging
 - Level 1.6 Stealth
 + Level 4.1 Spellcasting


You couldn't memorise any spells.
You knew the following spells:

 Your Spells              Type           Power      Damage    Failure   Level
a - Freeze                Ice            72%        1d9       2%          1
b - Frozen Ramparts       Ice            36%        1d6       8%          3
c - Ozocubu's Armour      Ice            18%        N/A       8%          3
d - Hailstorm             Conj/Ice       18%        3d6       26%         4
e - Apportation           Tloc           36%        N/A       2%          1
f - Ensorcelled Hibernat  Hex/Ice        36%        N/A       4%          2
Your spell library was empty.

Dungeon Overview and Level Annotations

Branches:
Dungeon (4/15)
 Temple: D:4-7

Altars:
Cheibriados
Dithmenos


Innate Abilities, Weirdness & Mutations

You are immune to sickness and miasma.
You are immune to poison.
Your flesh is very heat resistant. (rF++)
You are vulnerable to cold. (rC-)
You float through the air rather than walking.
You learn spells naturally, not from books.
Your magical power is your life essence.
You have superior vitality. (+4 MHP)


Message History

You closely miss the phantom.
The phantom is heavily damaged.
The phantom barely misses you.
Unknown command.
You closely miss the phantom.
The phantom is heavily damaged.
The phantom misses you.
Unknown command.
You hit the phantom.
The phantom is heavily damaged.
The phantom completely misses you.
Unknown command.
You hit the phantom.
The phantom is severely damaged.
The phantom hits you.
* * * LOW HITPOINT WARNING * * *
Unknown command.
You closely miss the phantom.
The phantom is severely damaged.
The phantom closely misses you.
Unknown command.
You hit the phantom.
The phantom is almost destroyed.
The phantom barely misses you. The phantom hits you.
* * * LOW HITPOINT WARNING * * *
The phantom blinks!
You blink.
Unknown command.
You closely miss the phantom.
The phantom is almost destroyed.
The phantom hits you.
* * * LOW HITPOINT WARNING * * *
Unknown command.
You hit the phantom but do no damage.
The phantom is almost destroyed.
The phantom misses you.
Unknown command.
You hit the phantom but do no damage.
The phantom is almost destroyed.
The phantom hits you.
You die...

#.## ... ....#....#... ....
#..##.. ...##.).#.#
..#..#.#.## ## ##...#....##
##.. ##.:........##...#
####....W............
.##......?@........####
...................#
..................##
...........##....##
.#.........###.###
#.........###.#
...............##########
##................>.....###
#.........############.<..


You could see a phantom.

Vanquished Creatures
  An orc wizard (D:3)
  3 adders
  3 worms
  A dart slug (D:1)
  4 orcs (D:3)
  7 ball pythons
  4 bats
  6 endoplasms
  3 giant cockroaches
  7 goblins
  2 hobgoblins
  2 quokkas (D:2)
  A frilled lizard (D:2)
  6 kobolds
  5 rats
55 creatures vanquished.

Notes
Turn   | Place    | Note
-------+----------+-------------------------------------------
     0 | D:1      | leafyfresh the Djinni Ice Elementalist began the quest for
                  | the Orb.
     0 | D:1      | leafyfresh set off with the following spells memorised:
                  | Freeze, Frozen Ramparts, Ozocubu's Armour, Hailstorm.
     0 | D:1      | Reached XP level 1. HP: 15/15 MP: 0/0
   517 | D:1      | Reached XP level 2. HP: 17/21 MP: 0/0
  1234 | D:1      | Reached XP level 3. HP: 25/25 MP: 0/0
  1234 | D:1      | Learned a level 1 spell: Apportation
  1584 | D:2      | Reached XP level 4. HP: 23/31 MP: 0/0
  1586 | D:2      | Found a faded altar of an unknown god.
  2424 | D:3      | Reached XP level 5. HP: 27/35 MP: 0/0
  2424 | D:3      | Learned a level 2 spell: Ensorcelled Hibernation
  2589 | D:3      | Found a shadowy altar of Dithmenos.
  2788 | D:3      | Found a snail-covered altar of Cheibriados.
  3533 | D:4      | Noticed a phantom
  3572 | D:4      | Slain by a phantom

Illustrated notes

Levels and vault maps discovered:
D:1:      dpeg_arrival_short_road, layout_basic, minmay_misc_feat_five
D:2:      layout_rooms, basic_ecumenical_altar
D:3:      layout_basic, mainiacjoe_overflow_catch_the_wave,
          overflow_temple_1_default
D:4:      layout_rooms, makhleb_heckhound_becter, kennysheep_mini_moat,
          minmay_temple_entry_arrows

Skill      XL: |  1  2  3  4 |
---------------+-------------+-----
Dodging        | 3 4 |  4.2
Spellcasting   | 4 |  4.1
Stealth        | |  1.6

Action                   |  1- 3 |  4- 6 || total
-------------------------+-------+-------++-------
Melee: Unarmed           |    26 |       ||    26
       Short sword       |    45 |    97 ||   142
       Punch             |     1 |       ||     1
 Cast: Freeze            |    17 |       ||    17
       Frozen Ramparts   |       |     5 ||     5
       Ozocubu's Armour  |       |     1 ||     1
       Hailstorm         |       |     1 ||     1
  Use: Potion            |       |     1 ||     1
 Stab: Sleeping          |     1 |     3 ||     4
       Distracted        |       |     1 ||     1
Armor: Robe              |    18 |    11 ||    29
Dodge: Dodged            |    54 |    54 ||   108
